 Dungeon Crawl Stone Soup version 0.30-a0-1094-g860fb061e7 (webtiles) character file.

Game seed: 15438839504855976826

18605 lunkers the Nimble (level 13, 0/119 HPs)
             Began as a Meteoran Fighter on Apr 17, 2023.
             Was a High Priest of Okawaru.
             Slain by a wolf (2 damage)
             ... on level 11 of the Dungeon.
             The game lasted 00:20:55 (5969 turns).

lunkers the Nimble (Meteoran Fighter)               Turns: 5969, Time: 00:20:56

Health: 0/119      AC: 16    Str: 15    XL:     13   Next: 25%
Magic:  17/17      EV: 21    Int: 13    God:    Okawaru [*****.]
Gold:   1456       SH:  6    Dex: 23    Spells: 12/12 levels left

rFire   + . .      SeeInvis +    a - +4 scimitar (flame)
rCold   + . .      Faith    .    c - +0 buckler
rNeg    . . .      Spirit   .    q - +3 ring mail of Compression {+Inv rElec Dex+4}
rPois   .          Reflect  .    f - +0 helmet of Fedhas's Grace {Will++ rCorr Str-2 Int+2}
rElec   +          Rampage  .    w - +0 cloak
rCorr   +                        i - +1 pair of gloves
Will    +++..                    K - +2 pair of boots "Wekhliv" {Contam Fly rF+ rC+}
Stlth   +                        (no amulet)
HPRegen 0.39/turn                y - ring of see invisible
MPRegen 0.15/turn                (no ring)

@: flying, glowing
A: sense surroundings 2, otherworldly, glowing, explore regen
a: Renounce Religion, Evoke Invisibility, Heroism, Finesse, Duel


You were on level 11 of the Dungeon.
You worshipped Okawaru.
Okawaru was extremely pleased with you.
You visited 3 branches of the dungeon, and saw 14 of its levels.

You collected 1456 gold pieces.

Inventory:

Hand Weapons
 a - a +4 scimitar of flaming (weapon)
 b - a +5 long sword of electrocution
 v - a +1 dagger of venom
 z - a +2 scimitar of electrocution
 E - a +0 long sword of electrocution
Missiles
 B - a boomerang of dispersal
 D - 4 boomerangs
Armour
 c - a +0 buckler (worn)
 f - the +0 helmet of Fedhas's Grace (worn) {Will++ rCorr Str-2 Int+2}
   (You acquired it on level 5 of the Dungeon)

   Str:       It affects your strength (-2).
   Int:       It affects your intelligence (+2).
   rCorr:     It protects you from acid and corrosion.
   Will:      It greatly increases your willpower.
 i - a +1 pair of gloves (worn)
 j - the +0 pair of boots "Teasuu" {-Cast +Blink rPois rC+}
   (You acquired it on level 5 of the Dungeon)

   rC:        It protects you from cold.
   rPois:     It protects you from poison.
   +Blink:    It lets you blink.
   -Cast:     It prevents spellcasting.
 q - the +3 ring mail of Compression (worn) {+Inv rElec Dex+4}
   (You found it on level 3 of the Dungeon)

   Dex:       It affects your dexterity (+4).
   rElec:     It insulates you from electricity.
   +Inv:      It lets you turn invisible.
 w - a +0 cloak (worn)
 K - the +2 pair of boots "Wekhliv" (worn) {Contam Fly rF+ rC+}
   (Okawaru gifted it to you on level 11 of the Dungeon)

   rF:        It protects you from fire.
   rC:        It protects you from cold.
   Fly:       It grants you flight.
   Contam:    It causes magical contamination when unequipped.
Jewellery
 y - a ring of see invisible (left hand)
Wands
 g - a wand of roots (14)
 o - a wand of mindburst (19)
 p - a wand of quicksilver (10)
 r - a wand of digging (9)
Scrolls
 m - a scroll of brand weapon
 u - 2 scrolls of enchant weapon
 x - a scroll of teleportation
 C - 2 scrolls of amnesia
 G - a scroll of fear
 I - a scroll of blinking
Potions
 d - 2 potions of might
 e - 3 potions of mutation
 h - 3 potions of haste
 k - a potion of flight
 l - a potion of ambrosia
 n - 2 potions of heal wounds
 s - 3 potions of curing
 t - 2 potions of attraction
 A - 3 potions of brilliance
 J - a potion of magic


   Skills:
 + Level 12.7 Fighting
 - Level 5.0(7.4) Short Blades
 - Level 9.3(10.0) Long Blades
 - Level 3.6 Armour
 * Level 14.8 Dodging
 - Level 3.6 Shields
 - Level 4.0 Invocations
 - Level 8.0 Evocations


You had 12 spell levels left.
You didn't know any spells.
Your spell library contained the following spells:

 Spells                   Type           Power      Damage    Failure   Level
 Inner Flame              Hex/Fire       0%         N/A       93%         3
 Volatile Blastmotes      Fire/Tloc      0%         2d10      93%         3
 Fulminant Prism          Conj/Hex       0%         3d5       100%        4
 Iskenderun's Mystic Bla  Conj/Tloc      0%         2d3       100%        4
 Lee's Rapid Deconstruct  Erth           0%         3d4*      100%        5
 Yara's Violent Unravell  Hex/Tmut       0%         3d3       100%        5
 Enfeeble                 Hex            0%         N/A       100%        7


Dungeon Overview and Level Annotations

Branches:
Dungeon (11/15) Zot: 1538  Temple (0/1) D:5            Lair (1/5) D:11 Zot: 490
    Orc (2/2) D:11 Zot: 459     Elf (0/3) Orc:2

Altars:
Cheibriados
Elyvilon
Kikubaaqudgha
Okawaru
Vehumet
Xom
The Shining One

Shops:
D:5 (   D:10 *   Orc:2 ![![

Portals:
Trove: D:11 (give +6 demon whip)

Annotations:
Orc:1 Gastronok


Innate Abilities, Weirdness & Mutations

You passively map the area around you.
You are easily found by Zot.
You glow in the dark.
You regain HP and MP as you explore.


Message History

The death yak is moderately wounded.
The wolf misses you. x2
The death yak gores you but does no damage.
You slash the death yak! You burn the death yak.
The death yak is heavily wounded.
The wolf bites you!
* * * LOW HITPOINT WARNING * * *
The death yak closely misses you.
You hit the death yak. You burn the death yak.
The death yak is severely wounded.
The wolf barely misses you. The wolf misses you.
You block the death yak's attack.
You barely miss the death yak.
The death yak is severely wounded.
You block the wolf's attack. The wolf closely misses you.
You hit the death yak but do no damage.
The death yak is severely wounded.
The death yak gores you!
* * * LOW HITPOINT WARNING * * *
The wolf bites you!
* * * LOW HITPOINT WARNING * * *
You slash the death yak! You burn the death yak.
The death yak is severely wounded.
The wolf bites you.
* * * LOW HITPOINT WARNING * * *
The death yak misses you. The wolf bites you but does no damage.
You hit the death yak but do no damage.
The death yak is severely wounded.
The wolf bites you.
* * * LOW HITPOINT WARNING * * *
The death yak gores you!
* * * LOW HITPOINT WARNING * * *
You slash the death yak! You burn the death yak.
You kill the death yak!
Okawaru accepts your kill. The wolf closely misses you.
The wolf barely misses you.
You hit the wolf but do no damage. The wolf bites you.
* * * LOW HITPOINT WARNING * * *
You barely miss the wolf. The wolf misses you. The wolf bites you.
You die...

....#...........(...##........
....###..#####.##'########.###**
...## #..#[..#.##[)....# .#
#..+,....#...#..#.#..#.# ,,#
#..#.....#.#.#..#......#
...#####,#...####......#
.......# ##'#.........##
.##....# *#.#.........# .##..#.#
#.#...@.....# ....[..#
#.#..h......# ....####
############# * ....# , ,, ,
....# , , ....# , , , , * ,,, ,
.##<# , , ,, * * , ....# , ,, ,,
, , * , ....#, ,* , , , , , , ,
©


You could see a wolf.

Vanquished Creatures
  Erolcha (D:9)
  Erica (D:11)
  A boulder beetle (D:11)
  2 two-headed ogres (D:11)
  2 death yaks
  Urug (Orc:1)
  3 orc high priests (Orc:2)
  Pikel (D:6)
  An orc knight (Orc:2)
  3 orc sorcerers
  A cyclops (D:11)
  A manticore (D:11)
  Joseph (D:8)
  A black mamba (Lair:1)
  Maggie (D:9)
  Psyche (D:9)
  3 trolls
  Grinder (D:6)
  2 wraiths
  2 shadows
  6 yaks (D:11)
  2 wyverns (D:9)
  A steam dragon (D:7)
  Duvessa (D:7)
  A warg (Orc:2)
  3 acid dragons
  A water moccasin (D:5)
  15 orc warriors
  An ice beast (D:7)
  A sky beast (D:7)
  A black bear (D:6)
  3 ogres
  A wolf (Lair:1)
  3 centaurs
  A lemure (D:6)
  3 kobold brigands
  A bullfrog (D:6)
  A scorpion (D:5)
  9 wights
  Dowan (D:7)
  4 howler monkeys
  4 crimson imps (D:7)
  16 orc priests
  2 jellies
  Crazy Yiuf (D:5)
  A gnoll bouda (D:9)
  2 sleepcaps
  4 iguanas
  19 orc wizards
  12 gnolls
  5 adders
  3 dart slugs
  49 orcs
  3 ball pythons
  10 endoplasms
  3 giant cockroaches
  5 goblins
  2 hobgoblins
  6 jackals
  4 quokkas
  5 bats
  3 frilled lizards
  23 kobolds
  2 rats
274 creatures vanquished.

Vanquished Creatures (others)
  A bush (D:6)
  2 fungi (Lair:1)
3 creatures vanquished.

Grand Total: 277 creatures vanquished

Notes
Turn   | Place    | Note
-------+----------+-------------------------------------------
     0 | D:1      | lunkers the Meteoran Fighter began the quest for the Orb.
     0 | D:1      | Reached XP level 1. HP: 19/19 MP: 2/2
    65 | D:1      | Reached XP level 2. HP: 26/26 MP: 3/3
   305 | D:1      | Reached XP level 3. HP: 20/31 MP: 4/4
   356 | D:2      | Found a shimmering altar of Xom.
   467 | D:2      | Reached XP level 4. HP: 33/38 MP: 5/5
   643 | D:3      | Reached skill level 5 in Long Blades
   692 | D:3      | Found an iron altar of Okawaru.
   693 | D:3      | Found a white marble altar of Elyvilon.
   694 | D:3      | Found a snail-covered altar of Cheibriados.
   694 | D:3      | Found a glowing golden altar of the Shining One.
   695 | D:3      | Found an ancient bone altar of Kikubaaqudgha.
   783 | D:3      | Became a worshipper of Warmaster Okawaru
   929 | D:3      | Identified the +3 ring mail of Compression {+Inv rElec
                  | Dex+4}
  1010 | D:3      | Found a radiant altar of Vehumet.
  1168 | D:3      | Reached skill level 1 in Short Blades
  1168 | D:3      | Reached XP level 5. HP: 45/45 MP: 6/6
  1947 | D:5      | Entered Level 5 of the Dungeon
  1947 | D:5      | Noticed a water moccasin
  1947 | D:5      | Found Joupt's Antique Weapon Boutique.
  1972 | D:5      | HP: 1/45 [water moccasin (8)]
  1974 | D:5      | Killed a water moccasin
  1974 | D:5      | Reached * piety under Okawaru
  1975 | D:5      | Reached XP level 6. HP: 14/51 MP: 7/7
  1980 | D:5      | Reached skill level 5 in Short Blades
  2034 | D:5      | Reached XP level 7. HP: 8/57 MP: 5/8
  2046 | D:5      | Identified 2 scrolls of acquirement
  2046 | D:5      | Acquired the +0 helmet of Fedhas's Grace {Will++ rCorr
                  | Str-2 Int+2}
  2059 | D:5      | Acquired the +0 pair of boots "Teasuu" {-Cast +Blink rPois
                  | rC+}
  2103 | D:5      | Found a glowing golden altar of the Shining One.
  2109 | D:5      | Reached skill level 1 in Invocations
  2232 | D:5      | Found a staircase to the Ecumenical Temple.
  2287 | D:5      | Found a runed translucent door.
  2288 | D:5      | Noticed Crazy Yiuf
  2304 | D:5      | Killed Crazy Yiuf
  2406 | D:6      | Reached XP level 8. HP: 67/67 MP: 10/10
  2424 | D:6      | Reached ** piety under Okawaru
  2470 | D:6      | Reached skill level 5 in Fighting
  2568 | D:6      | Noticed Grinder
  2576 | D:6      | Killed Grinder
  2579 | D:6      | Gained mutation: You passively map the area around you.
                  | [Meteoran growth]
  2579 | D:6      | Reached XP level 9. HP: 72/74 MP: 13/13
  2641 | D:6      | Reached *** piety under Okawaru
  2657 | D:6      | Noticed Pikel
  2674 | D:6      | Killed Pikel
  2846 | D:7      | Found a shimmering altar of Xom.
  2871 | D:7      | Reached skill level 1 in Dodging
  2874 | D:7      | Reached skill level 2 in Dodging
  2903 | D:7      | Reached **** piety under Okawaru
  2922 | D:7      | Reached skill level 3 in Dodging
  2924 | D:7      | Reached XP level 10. HP: 88/90 MP: 14/14
  2933 | D:7      | Reached skill level 4 in Dodging
  3296 | D:7      | Noticed Dowan
  3296 | D:7      | Noticed Duvessa
  3307 | D:7      | Killed Duvessa
  3308 | D:7      | Reached skill level 5 in Dodging
  3313 | D:7      | Killed Dowan
  3424 | D:8      | Reached skill level 6 in Dodging
  3449 | D:8      | Received a gift from Okawaru
  3474 | D:8      | Noticed Joseph
  3489 | D:8      | Killed Joseph
  3490 | D:8      | Reached skill level 7 in Dodging
  3592 | D:9      | Noticed Psyche
  3594 | D:9      | Noticed Erolcha
  3606 | D:9      | Reached skill level 8 in Dodging
  3610 | D:9      | Killed Erolcha
  3611 | D:9      | Reached skill level 10 in Fighting
  3611 | D:9      | Reached skill level 9 in Dodging
  3614 | D:9      | Reached XP level 11. HP: 95/99 MP: 15/15
  3621 | D:9      | Killed Psyche
  3621 | D:9      | Reached ***** piety under Okawaru
  3751 | D:9      | Noticed Maggie
  3765 | D:9      | Killed Maggie
  3766 | D:9      | Reached skill level 10 in Dodging
  4119 | D:10     | Entered Level 10 of the Dungeon
  4211 | D:10     | Reached skill level 11 in Dodging
  4293 | D:10     | Found Upobihyi's Gadget Gallery.
  4451 | D:11     | Found a portal to a secret trove of treasure.
  4481 | D:11     | Noticed a cyclops
  4490 | D:11     | Killed a cyclops
  4544 | D:11     | Noticed a boulder beetle
  4561 | D:11     | Killed a boulder beetle
  4581 | D:11     | Found a staircase to the Lair.
  4665 | D:11     | Reached ****** piety under Okawaru
  4690 | D:11     | Noticed a two-headed ogre
  4700 | D:11     | Killed a two-headed ogre
  4700 | D:11     | Identified the +2 pair of boots "Wekhliv" {Contam Fly rF+
                  | rC+} (Okawaru gifted it to you on level 11 of the Dungeon)
  4700 | D:11     | Received a gift from Okawaru
  4701 | D:11     | Reached skill level 12 in Dodging
  4807 | D:11     | Reached XP level 12. HP: 106/110 MP: 16/16
  4849 | D:11     | Found a staircase to the Orcish Mines.
  4866 | Orc:1    | Entered Level 1 of the Orcish Mines
  4911 | Orc:2    | Entered Level 2 of the Orcish Mines
  4931 | Orc:2    | Reached skill level 5 in Evocations
  4970 | Orc:2    | Noticed an orc knight
  4988 | Orc:2    | Killed an orc knight
  5025 | Orc:2    | Found a staircase to the Elven Halls.
  5081 | Orc:2    | Noticed an orc high priest
  5087 | Orc:2    | Noticed an orc high priest
  5093 | Orc:2    | Found Mierefue's Distillery.
  5093 | Orc:2    | Found Rofit's Distillery.
  5094 | Orc:2    | Found Lugg's Armour Shoppe.
  5096 | Orc:2    | Found Boge's Antique Armour Emporium.
  5098 | Orc:2    | Noticed an orc high priest
  5112 | Orc:2    | Noticed an orc high priest
  5115 | Orc:2    | Killed an orc high priest
  5120 | Orc:2    | Reached skill level 13 in Dodging
  5126 | Orc:2    | Noticed a sixfirhy
  5351 | Orc:2    | HP: 5/112 [orc priest/nerve-wracking pain (9)]
  5436 | Orc:2    | Noticed a sixfirhy
  5436 | Orc:2    | Noticed a sun demon
  5439 | Orc:2    | Killed an orc high priest
  5458 | Orc:2    | Killed an orc high priest
  5458 | Orc:2    | Received a gift from Okawaru
  5531 | Orc:1    | Noticed an ettin
  5532 | Orc:1    | Noticed a two-headed ogre
  5535 | Orc:1    | Noticed Gastronok
  5607 | Orc:1    | Noticed Urug
  5615 | Orc:1    | Killed Urug
  5698 | D:11     | Noticed a two-headed ogre
  5699 | D:11     | Noticed Erica
  5708 | D:11     | Killed a two-headed ogre
  5709 | D:11     | Reached skill level 14 in Dodging
  5709 | D:11     | Reached XP level 13. HP: 60/119 MP: 14/17
  5716 | D:11     | Killed Erica
  5838 | Lair:1   | Entered Level 1 of the Lair of Beasts
  5893 | Lair:1   | Noticed a death yak
  5902 | Lair:1   | Noticed a death yak
  5902 | Lair:1   | Noticed a death yak
  5902 | Lair:1   | Noticed a death yak
  5903 | Lair:1   | Noticed a death yak
  5904 | Lair:1   | Noticed a death yak
  5912 | Lair:1   | Killed a death yak
  5966 | D:11     | HP: 3/119 [death yak (10)]
  5967 | D:11     | Killed a death yak
  5969 | D:11     | Slain by a wolf

Illustrated notes

Levels and vault maps discovered:
D:1:      lightli_arrival_lavapool, layout_basic, basic_ecumenical_altar,
          minmay_shallow_snake_nest
D:2:      layout_basic, basic_altar, pf_guarded_unrand_delatra
D:3:      layout_basic, fiery_altar_vehumet, grunt_temple_overflow_open,
          kennysheep_generic_room_5
D:4:      layout_basic
D:5:      layout_basic, minmay_temple_entry_butterflies, serial_shops,
          nicolae_shop_tiny_statue_garden, hangedman_feature_mirror,
          uniq_crazy_yiuf_cottage
D:6:      layout_rooms, gammafunk_ghost_hive, kb_lookout_dungeons_type,
          corexii_shack, roderic_roman_lattice, uniq_pikel, uniq_grinder
D:7:      layout_loops_cross, led_xom_imps, item_on_display_a, uniq_duvessa
D:8:      layout_basic, uniq_joseph
D:9:      layout_loops_ring, mainiacjoe_overflow_six_doors_small, uniq_psyche,
          uniq_grum, uniq_maggie, uniq_erolcha
D:10:     layout_gridville, nicolae_shop_gadgets
D:11:     minmay_klotski, layout_stronghold, lair_entry_dummy, david_orc_4,
          gammafunk_ghost_smash, enter_trove_1, grunt_decor_junction,
          hangedman_decor_push, uniq_erica
Lair:1:   layout_cellular_growth, nicolae_volcano_entry_hallway,
          infiniplex_staircase_pool
Orc:1:    layout_caves, david_defended_altar_orc, uniq_gastronok, uniq_urug
Orc:2:    st_orc_mages, layout_diamond_mine

Skill      XL: |  1  2  3  4  5  6  7  8  9 10 11 12 |
---------------+-------------------------------------+-----
Long Blades    | 3 4 5 6 8 9 |  9.3
Short Blades   | 1 4 5 |  5.0
Fighting       | 4 5 8 10 11 12 | 12.7
Invocations    | 2 4 |  4.0
Dodging        | 3 9 12 14 | 14.8
Evocations     | 4 8 |  8.0
Armour         | |  3.6
Shields        | |  3.6

Action                     |  1- 3 |  4- 6 |  7- 9 | 10-12 | 13-15 || total
---------------------------+-------+-------+-------+-------+-------++-------
  Melee: Long sword        |    79 |    47 |   150 |   507 |    10 ||   793
         Dagger            |       |   126 |     6 |       |       ||   132
         Scimitar          |       |       |       |       |    52 ||    52
 Invoke: Heroism           |       |     1 |     2 |     9 |     1 ||    13
    Use: Scroll            |       |    10 |     9 |     8 |       ||    27
         Potion            |       |     2 |       |     1 |       ||     3
 Armour: Scale mail        |    55 |    21 |       |       |       ||    76
         Ring mail         |       |    45 |    74 |   152 |    18 ||   289
  Dodge: Dodged            |    39 |    65 |    50 |   300 |    75 ||   529
  Block: Buckler           |    25 |    42 |    39 |   137 |    22 ||   265

Table legend: (Time is in decaauts)
 A = Elapsed time spent in this place.
 B = Non-inter-level travel time spent in this place.
 C = Inter-level travel time spent in this place.
 D = Time resting spent in this place.
 E = Time spent auto-exploring this place.
 F = Levels seen in this place.
 G = Mean time per level.
                   A        B        C        D        E       F      G
               +--------+--------+--------+--------+--------+-----+--------+
         Total |   5910 |   5628 |    282 |      0 |   3294 |  14 |  422.1 |
       Dungeon |   5060 |   4778 |    282 |      0 |   3157 |  11 |  460.0 |
          Lair |    109 |    109 |      0 |      0 |     47 |   1 |  109.0 |
  Orcish Mines |    740 |    740 |      0 |      0 |     90 |   2 |  370.0 |
               +--------+--------+--------+--------+--------+-----+--------+

Top non-repeatable levels by time:
     D:3: 686 daAuts
     D:4: 676 daAuts
    D:11: 657 daAuts
     D:7: 565 daAuts
     D:9: 519 daAuts
     D:5: 449 daAuts
     D:6: 421 daAuts
   Orc:2: 419 daAuts
     D:1: 360 daAuts
   Orc:1: 321 daAuts
    D:10: 291 daAuts
     D:2: 239 daAuts
     D:8: 192 daAuts
  Lair:1: 109 daAuts
